[ AOE2 MATCH · #508061774 ]
UnrankedPortuguese vs Incas
Rival team · LOSS
[ REPLAY ANALYSIS · EXTRACTED FROM THE RECORDED GAME ]
Feudal
9:18
Castle
21:40
Imperial
—
| APM avg | 32.7 |
| APM peak | 74 |
| eAPM avg | 18.0 |
| Villagers / military | 56 / 86 |
Focus
⚔️ 31.7% · 🌾 68.3%
Archer ×79 · Mangonel ×7
Feudal
10:21
Castle
22:58
Imperial
—
| APM avg | 50.6 |
| APM peak | 85 |
| eAPM avg | 27.6 |
| Villagers / military | 58 / 22 |
Focus
⚔️ 25.3% · 🌾 74.7%
Unknown (2550) ×33 · Archer ×9 · Spearman ×5 · Mangonel ×4 · Skirmisher ×4
Match map
Initial resources + every placement click. Lines = walls · curves = elevation contours. ◆ gold · ⬟ stone · ● berries · ✦ relic · ◌ wall gap
Your base· Open — unwalled flank
HellionBlue's base· ✓ Closed at 22:58 · 49t walls · 1 gate(s)
Smoothed initial terrain · ◌ = detected wall gap · hover for details
Inputs per minute
— El Gargola - - HellionBlue
Build order — El Gargola
First 150 of 178 actions detected
| 0:00 | Queue | Villager (Male) |
| 0:01 | Queue | Villager (Male) |
| 0:01 | Queue | Villager (Male) |
| 0:01 | Queue | Villager (Male) |
| 0:02 | Build | House |
| 0:04 | Build | House |
| 1:37 | Queue | Villager (Male) |
| 1:37 | Queue | Villager (Male) |
| 1:47 | Build | Lumber Camp |
| 1:58 | Queue | Villager (Male) |
| 2:17 | Queue | Villager (Male) |
| 2:17 | Queue | Villager (Male) |
| 2:50 | Queue | Villager (Male) |
| 2:50 | Queue | Villager (Male) |
| 3:13 | Queue | Villager (Male) |
| 3:41 | Queue | Villager (Male) |
| 3:42 | Queue | Villager (Male) |
| 4:02 | Build | House |
| 4:06 | Build | House |
| 4:38 | Queue | Villager (Male) |
| 4:38 | Queue | Villager (Male) |
| 4:39 | Queue | Villager (Male) |
| 4:39 | Queue | Villager (Male) |
| 5:13 | Queue | Villager (Male) |
| 6:00 | Research | Loom |
| 6:27 | Build | Mining Camp |
| 7:08 | Research | Feudal Age |
| 7:56 | Build | Barracks |
| 7:58 | Build | House |
| 8:24 | Build | Mill |
| 8:53 | Queue | Villager (Male) |
| 8:53 | Queue | Villager (Male) |
| 9:18 | Age | Feudal Age |
| 9:20 | Build | Archery Range |
| 9:23 | Research | Double-Bit Axe |
| 9:51 | Build | Mill |
| 10:03 | Queue | Archer |
| 10:04 | Queue | Archer |
| 10:06 | Build | House |
| 10:09 | Queue | Villager (Male) |
| 10:10 | Queue | Villager (Male) |
| 10:23 | Queue | Archer |
| 10:33 | Build | House |
| 10:35 | Build | House |
| 10:36 | Build | Palisade Wall |
| 10:46 | Queue | Archer |
| 10:54 | Build | House |
| 10:56 | Queue | Villager (Male) |
| 10:58 | Build | Farm |
| 11:06 | Build | Farm |
| 11:16 | Build | Palisade Wall |
| 11:21 | Queue | Archer |
| 11:27 | Queue | Villager (Male) |
| 11:27 | Queue | Villager (Male) |
| 11:29 | Queue | Villager (Male) |
| 11:35 | Queue | Archer |
| 11:43 | Queue | Villager (Male) |
| 11:56 | Build | Palisade Gate |
| 12:02 | Queue | Archer |
| 12:07 | Build | Farm |
| 12:39 | Queue | Villager (Male) |
| 12:43 | Build | Blacksmith |
| 12:50 | Queue | Villager (Male) |
| 13:32 | Build | Archery Range |
| 13:35 | Queue | Archer |
| 13:35 | Queue | Archer |
| 13:38 | Research | Fletching |
| 13:39 | Queue | Villager (Male) |
| 13:39 | Queue | Villager (Male) |
| 13:39 | Queue | Villager (Male) |
| 13:45 | Build | Farm |
| 13:47 | Build | Farm |
| 13:52 | Queue | Villager (Male) |
| 14:01 | Queue | Archer |
| 14:01 | Queue | Archer |
| 14:19 | Build | Lumber Camp |
| 14:56 | Queue | Archer |
| 14:56 | Queue | Archer |
| 14:56 | Queue | Archer |
| 15:03 | Queue | Villager (Male) |
| 15:07 | Build | Farm |
| 15:14 | Build | House |
| 15:16 | Build | Gate |
| 15:19 | Queue | Archer |
| 15:19 | Queue | Archer |
| 15:27 | Queue | Villager (Male) |
| 15:30 | Research | Gold Mining |
| 15:42 | Build | House |
| 15:46 | Queue | Archer |
| 15:52 | Queue | Villager (Male) |
| 15:52 | Queue | Villager (Male) |
| 16:02 | Queue | Villager (Male) |
| 16:04 | Queue | Archer |
| 16:11 | Build | Farm |
| 16:24 | Build | House |
| 16:25 | Build | House |
| 16:26 | Build | House |
| 16:29 | Build | Palisade Wall |
| 16:32 | Build | Palisade Wall |
| 16:39 | Research | Wheelbarrow |
| 16:44 | Build | Farm |
| 16:52 | Build | Palisade Gate |
| 17:03 | Build | Farm |
| 17:18 | Build | House |
| 17:20 | Build | House |
| 17:21 | Build | House |
| 17:27 | Queue | Archer |
| 17:27 | Queue | Archer |
| 17:27 | Queue | Archer |
| 17:51 | Build | Market |
| 18:03 | Queue | Villager (Male) |
| 18:23 | Build | Palisade Wall |
| 18:30 | Queue | Villager (Male) |
| 18:31 | Queue | Villager (Male) |
| 18:33 | Build | Farm |
| 19:00 | Research | Castle Age |
| 19:25 | Build | Lumber Camp |
| 19:30 | Queue | Archer ×5 |
| 19:30 | Queue | Archer ×5 |
| 19:55 | Queue | Archer |
| 19:55 | Queue | Archer |
| 19:59 | Build | House |
| 20:01 | Build | House |
| 20:02 | Build | House |
| 20:02 | Build | House |
| 20:34 | Queue | Archer ×5 |
| 20:34 | Queue | Archer ×5 |
| 21:14 | Build | House |
| 21:16 | Build | House |
| 21:21 | Queue | Villager (Male) |
| 21:21 | Queue | Villager (Male) |
| 21:35 | Queue | Archer ×5 |
| 21:40 | Age | Castle Age |
| 21:41 | Research | Crossbowman (upgrade) |
| 21:43 | Research | Bodkin Arrow |
| 21:46 | Build | Siege Workshop |
| 22:07 | Build | University |
| 22:10 | Build | Mining Camp |
| 22:11 | Queue | Villager (Male) |
| 22:11 | Queue | Villager (Male) |
| 22:19 | Build | Outpost |
| 22:21 | Research | Town Watch |
| 22:23 | Queue | Mangonel |
| 22:23 | Queue | Mangonel |
| 22:26 | Queue | Archer ×3 |
| 22:50 | Build | Outpost |
| 22:55 | Queue | Mangonel |
| 22:59 | Build | Outpost |
| 23:03 | Queue | Villager (Male) |
| 23:04 | Queue | Villager (Male) |
Build order — HellionBlue
First 150 of 181 actions detected
| 0:01 | Queue | Villager (Male) |
| 0:01 | Queue | Villager (Male) |
| 0:01 | Queue | Villager (Male) |
| 0:02 | Build | House |
| 0:05 | Build | House |
| 0:05 | Queue | Villager (Male) |
| 0:05 | Queue | Villager (Male) |
| 1:36 | Queue | Villager (Male) |
| 2:00 | Queue | Villager (Male) |
| 2:21 | Queue | Villager (Male) |
| 2:42 | Queue | Villager (Male) |
| 3:06 | Build | Barracks |
| 3:10 | Queue | Villager (Male) |
| 3:10 | Queue | Villager (Male) |
| 3:38 | Queue | Villager (Male) |
| 3:39 | Queue | Villager (Male) |
| 3:39 | Queue | Villager (Male) |
| 4:10 | Queue | Unit 2550 |
| 4:11 | Queue | Unit 2550 |
| 4:26 | Queue | Villager (Male) |
| 4:26 | Queue | Villager (Male) |
| 4:30 | Queue | Unit 2550 |
| 4:57 | Queue | Villager (Male) |
| 5:35 | Queue | Villager (Male) |
| 5:57 | Queue | Villager (Male) |
| 6:29 | Queue | Villager (Male) |
| 6:51 | Build | Settlement |
| 6:53 | Queue | Villager (Male) |
| 7:18 | Queue | Villager (Male) |
| 7:22 | Research | Loom |
| 7:52 | Research | Feudal Age |
| 9:02 | Build | Settlement |
| 9:06 | Queue | Unit 2550 ×2 |
| 9:18 | Build | House |
| 9:19 | Build | House |
| 9:20 | Build | House |
| 9:23 | Build | Palisade Wall |
| 9:30 | Build | Palisade Wall |
| 9:32 | Queue | Villager (Male) |
| 9:33 | Queue | Villager (Male) |
| 9:44 | Build | Palisade Wall |
| 9:54 | Build | Palisade Wall |
| 9:57 | Build | Palisade Wall |
| 10:19 | Build | Palisade Wall |
| 10:20 | Build | Palisade Wall |
| 10:21 | Age | Feudal Age |
| 10:25 | Queue | Unit 2550 |
| 10:31 | Build | House |
| 10:54 | Queue | Villager (Male) |
| 10:55 | Queue | Unit 2550 |
| 10:55 | Queue | Unit 2550 |
| 10:59 | Research | Tech 1402 |
| 11:21 | Queue | Villager (Male) |
| 11:25 | Build | House |
| 11:27 | Build | House |
| 11:28 | Build | House |
| 11:34 | Queue | Villager (Male) |
| 11:39 | Build | Farm |
| 11:39 | Build | Farm |
| 11:40 | Build | Farm |
| 11:40 | Build | Farm |
| 11:40 | Build | Farm |
| 11:40 | Build | Farm |
| 11:43 | Queue | Villager (Male) |
| 12:14 | Build | Farm |
| 12:15 | Build | Farm |
| 12:25 | Queue | Spearman |
| 12:27 | Queue | Unit 2550 ×3 |
| 12:48 | Queue | Villager (Male) |
| 12:55 | Build | House |
| 12:56 | Build | Palisade Wall |
| 12:57 | Build | Palisade Wall |
| 13:08 | Queue | Villager (Male) |
| 13:34 | Queue | Unit 2550 ×2 |
| 13:45 | Build | Blacksmith |
| 13:49 | Build | House |
| 13:51 | Build | Palisade Wall |
| 13:54 | Build | Palisade Gate |
| 13:56 | Queue | Villager (Male) |
| 14:00 | Build | Farm |
| 14:03 | Queue | Villager (Male) |
| 14:53 | Queue | Villager (Male) |
| 14:53 | Queue | Villager (Male) |
| 14:53 | Queue | Villager (Male) |
| 15:16 | Build | Palisade Wall |
| 15:24 | Research | Horse Collar |
| 15:29 | Research | Double-Bit Axe |
| 15:29 | Research | Double-Bit Axe |
| 15:33 | Build | Farm |
| 15:34 | Build | Farm |
| 15:35 | Build | Farm |
| 15:39 | Queue | Villager (Male) |
| 15:48 | Build | Market |
| 16:10 | Build | Outpost |
| 16:16 | Queue | Unit 2550 ×5 |
| 16:16 | Queue | Spearman ×4 |
| 16:21 | Build | Farm |
| 16:23 | Build | Farm |
| 16:27 | Build | Farm |
| 16:28 | Queue | Villager (Male) |
| 16:48 | Queue | Villager (Male) |
| 17:11 | Queue | Villager (Male) |
| 17:25 | Build | Palisade Wall |
| 17:28 | Build | House |
| 17:39 | Build | Archery Range |
| 17:40 | Queue | Villager (Male) |
| 17:45 | Build | Farm |
| 17:46 | Build | Farm |
| 17:47 | Queue | Villager (Male) |
| 18:31 | Research | Scale Mail Armor |
| 18:32 | Research | Scale Mail Armor |
| 18:32 | Queue | Villager (Male) |
| 18:34 | Queue | Villager (Male) |
| 18:58 | Build | Farm |
| 18:58 | Build | Farm |
| 18:58 | Build | Farm |
| 18:58 | Build | Farm |
| 18:59 | Build | Farm |
| 18:59 | Build | Farm |
| 19:01 | Queue | Villager (Male) |
| 19:10 | Build | Farm |
| 19:23 | Build | Farm |
| 19:42 | Research | Arson |
| 19:44 | Queue | Villager (Male) |
| 19:47 | Build | Farm |
| 19:47 | Build | Farm |
| 19:47 | Build | Farm |
| 19:48 | Build | Farm |
| 20:11 | Research | Castle Age |
| 20:27 | Queue | Skirmisher |
| 20:27 | Queue | Skirmisher |
| 20:29 | Queue | Skirmisher |
| 20:47 | Research | Horse Collar |
| 21:01 | Queue | Unit 2550 |
| 21:02 | Queue | Unit 2550 |
| 21:07 | Build | Farm |
| 21:22 | Build | House |
| 21:23 | Build | House |
| 21:27 | Research | Wheelbarrow |
| 21:35 | Build | Farm |
| 21:35 | Build | Farm |
| 21:39 | Queue | Unit 2550 |
| 22:02 | Queue | Skirmisher |
| 22:25 | Build | Palisade Wall |
| 22:30 | Build | Palisade Wall |
| 22:32 | Queue | Villager (Male) |
| 22:44 | Build | Settlement |
| 22:46 | Queue | Villager (Male) |
| 22:57 | Queue | Unit 2550 |
| 22:58 | Age | Castle Age |
Match timeline
| 3:06 | HellionBlue · first_building Barracks |
| 7:56 | El Gargola · first_building Barracks |
| 9:18 | El Gargola · age_up feudal |
| 9:20 | El Gargola · first_building Archery Range |
| 9:23 | HellionBlue · wall_segment Palisade Wall x3 |
| 9:30 | HellionBlue · wall_segment Palisade Wall x5 |
| 9:44 | HellionBlue · wall_segment Palisade Wall x1 |
| 9:54 | HellionBlue · wall_segment Palisade Wall x2 |
| 9:57 | HellionBlue · wall_segment Palisade Wall x3 |
| 10:19 | HellionBlue · wall_segment Palisade Wall x3 |
| 10:20 | HellionBlue · wall_segment Palisade Wall x6 |
| 10:21 | HellionBlue · age_up feudal |
| 10:36 | El Gargola · wall_segment Palisade Wall x1 |
| 11:16 | El Gargola · wall_segment Palisade Wall x6 |
| 12:56 | HellionBlue · wall_segment Palisade Wall x1 |
| 12:57 | HellionBlue · wall_segment Palisade Wall x4 |
| 13:51 | HellionBlue · wall_segment Palisade Wall x7 |
| 15:16 | HellionBlue · wall_segment Palisade Wall x1 |
| 16:29 | El Gargola · wall_segment Palisade Wall x13 |
| 16:32 | El Gargola · wall_segment Palisade Wall x9 |
| 17:25 | HellionBlue · wall_segment Palisade Wall x1 |
| 17:39 | HellionBlue · first_building Archery Range |
| 18:23 | El Gargola · wall_segment Palisade Wall x1 |
| 19:58 | HellionBlue · first_market_buy 100 food |
| 20:03 | HellionBlue · first_market_sell 100 wood |
| 21:40 | El Gargola · age_up castle |
| 21:46 | El Gargola · first_building Siege Workshop |
| 22:25 | HellionBlue · wall_segment Palisade Wall x6 |
| 22:30 | HellionBlue · wall_segment Palisade Wall x8 |
| 22:58 | HellionBlue · age_up castle |
| 23:59 | HellionBlue · first_building Siege Workshop |
| 24:26 | El Gargola · first_market_buy 100 wood |
| 24:28 | El Gargola · first_market_sell 100 food |
| 28:37 | HellionBlue · resign |
[ AI ANALYSIS · 1 CREDIT ]
What really happened in this match?
Wolo.gg analyzes every decision: build order, eco, micro, common mistakes by bracket. Personalized analysis on WhatsApp or Discord in 30 seconds.
Civ guide
Portuguese
Perfil
Jugador #26071176